 Dungeon Crawl Stone Soup version 0.30-a0-737-gf23d94013f (webtiles) character file.

Game seed: 10331026431321661637

21 ragingrage the Scratcher (level 2, 0/12 HPs)
             Began as a Felid Transmuter on Feb 2, 2023.
             Slain by a hobgoblin
             ... wielding a +0 hand axe
              (9 damage)
             ... on level 1 of the Dungeon.
             The game lasted 00:00:44 (460 turns).

ragingrage the Scratcher (Felid Transmuter)          Turns: 460, Time: 00:00:44

Health: 0/12       AC:  1    Str:  6    XL:     2   Next: 65%
Magic:  5/6        EV: 17    Int: 14    God:
Gold:   29         SH:  0    Dex: 16    Spells: 2/5 levels left
                                        Lives:  0   Deaths: 0

rFire   . . .      SeeInvis +      - Unarmed
rCold   . . .      Faith    .    (shield unavailable)
rNeg    . . .      Spirit   .    (body armour unavailable)
rPois   .          Reflect  .    (helmet unavailable)
rElec   .          Harm     .    (cloak unavailable)
rCorr   .          Rampage  .    (gloves unavailable)
Will    +....                    (boots unavailable)
Stlth   +                        (no amulet)
HPRegen 0.22/turn                b - ring of willpower
MPRegen 0.10/turn                (no ring)

@: wereblooded (expiring), quick
A: very small, claws 1, fangs 3, see invisible, speed 1, shaggy fur 1, stealthy
paws, no weapons or thrown items, no armour, multi-lived
a: no special abilities


You were on level 1 of the Dungeon.
You visited 1 branch of the dungeon, and saw 1 of its levels.

You collected 29 gold pieces.

Inventory:

Jewellery
 b - a ring of willpower (left paw)
Scrolls
 c - a scroll of blinking {unknown}
 d - a scroll of enchant weapon {unknown}
 e - a scroll of amnesia {unknown}
 g - a scroll of magic mapping {unknown}
 h - a scroll of identify {unknown}
Potions
 a - a potion of lignification
 f - a potion of haste {unknown}
 i - a potion of degeneration {unknown}


   Skills:
 - Level 1.0 Fighting
 - Level 2.6 Dodging
 * Level 3.7 Unarmed Combat
 - Level 2.0 Spellcasting
 + Level 2.7 Transmutations


You had 2 spell levels left.
You knew the following spells:

 Your Spells              Type           Power      Damage    Failure   Level
a - Beastly Appendage     Tmut           18%        N/A       8%          1
b - Wereblood             Tmut           9%         N/A       12%         2

Your spell library contained the following spells:

 Spells                   Type           Power      Damage    Failure   Level
 Spider Form              Tmut/Pois      5%         N/A       38%         3
 Ice Form                 Ice/Tmut       5%         N/A       80%         4


Dungeon Overview and Level Annotations

Branches:
Dungeon (1/15)

Altars:


Innate Abilities, Weirdness & Mutations

You have sharp claws.
You have razor-sharp teeth.
You have supernaturally acute eyesight. (SInv)
You cover ground quickly. (Speed+)
You are covered in fur. (AC +1)
Your paws help you pounce on unaware monsters.
You are incapable of wielding weapons or throwing items.
You cannot wear armour.
You gain extra lives every three experience levels.


Message History

You kill the goblin!
You howl as the wereblood boils in your veins!
Things that are here:
a +0 club; a goblin corpse You howl as the wereblood boils in your veins!
The endoplasm closely misses you. What are your orders? t - Howl!
Orders for allies: a - Attack new target. r - Retreat! s - Stop attacking. g - Guard the area. f - Follow me.
Anything else - Cancel.
Okay, then.
You scratch the endoplasm.
The endoplasm is severely wounded.
The endoplasm barely misses you.
You scratch the endoplasm.
You kill the endoplasm!
Your transformation is almost over.
You start resting.
You howl as the wereblood boils in your veins!
You hear a shout!
A hobgoblin comes into view. It is wielding a +0 hand axe.
A hobgoblin is nearby!
A hobgoblin is nearby!
A hobgoblin is nearby!
Your horns disappear.
The hobgoblin hits you with a +0 hand axe.
You are too injured to fight recklessly!
You are too injured to fight recklessly!
You scratch the hobgoblin but do no damage.
You bite the hobgoblin.
The hobgoblin is lightly wounded.
Your primal bloodlust is almost over.
An endoplasm comes into view.
The hobgoblin closely misses you.
You scratch the hobgoblin but do no damage.
The hobgoblin hits you with a +0 hand axe!
Ouch! That really hurt!
You die...

#.# ... #.# #.# #.. #.# #.#
+.J #)# #†#...#..####.# #
#.#...#.......###### #.
#)#...##............# .#...
#.#...##............#
.....##.#...##............#
#.......#...##..@........[#
##...#......##..g.........#
#.. #.#..####..........[.#
### #......##............#
#### ###..#.........##.###
...######...#..###### .#
..........#......
...######.#....##
..........# #....


You could see an endoplasm and a hobgoblin.

Vanquished Creatures
  2 dart slugs (D:1)
  3 endoplasms (D:1)
  3 goblins (D:1)
  2 hobgoblins (D:1)
  A kobold (D:1)
  2 ball pythons (D:1)
  2 frilled lizards (D:1)
  A rat (D:1)
16 creatures vanquished.

Notes
Turn   | Place    | Note
-------+----------+-------------------------------------------
     0 | D:1      | ragingrage the Felid Transmuter began the quest for the
                  | Orb.
     0 | D:1      | Reached XP level 1. HP: 9/9 MP: 4/4
    66 | D:1      | Found a faded altar of an unknown god.
   127 | D:1      | Reached XP level 2. HP: 12/12 MP: 6/6
   289 | D:1      | Learned a level 2 spell: Wereblood
   460 | D:1      | Slain by a hobgoblin

Illustrated notes

Levels and vault maps discovered:
D:1:      dpeg_arrival_round_c, layout_basic, hellmonk_ecumenical_altar_lost_god

Action                     || total
---------------------------++-------
  Melee: Unarmed           ||    36
         Headbutt          ||     7
         Bite              ||     3
         Punch             ||     1
   Cast: Beastly Appendage ||     7
         Wereblood         ||     3
   Stab: Distracted        ||     1
  Dodge: Dodged            ||    24

Table legend: (Time is in decaauts)
 A = Elapsed time spent in this place.
 B = Non-inter-level travel time spent in this place.
 C = Inter-level travel time spent in this place.
 D = Time resting spent in this place.
 E = Time spent auto-exploring this place.
 F = Levels seen in this place.
 G = Mean time per level.
                   A        B        C        D        E       F      G
               +--------+--------+--------+--------+--------+-----+--------+
         Total |    396 |    396 |      0 |     27 |    250 |   1 |  396.0 |
       Dungeon |    396 |    396 |      0 |     27 |    250 |   1 |  396.0 |
               +--------+--------+--------+--------+--------+-----+--------+

Top non-repeatable levels by time:
     D:1: 396 daAuts
